 Dungeon Crawl Stone Soup version 0.25.1-8-g42b30a86e7 (webtiles) character file.

Game seed: 7000071573667077535

1388 pokeman the Thaumaturge (level 8, 0/44 HPs)
             Began as a Deep Elf Wizard on Dec 5, 2020.
             Was a Follower of Vehumet.
             Succumbed to a killer bee's poison
             ... on level 6 of the Dungeon.
             The game lasted 00:19:35 (8041 turns).

pokeman the Thaumaturge (Deep Elf Wizard)           Turns: 8041, Time: 00:19:35

Health: 0/44       AC:  9    Str:  4    XL:     8   Next: 40%
Magic:  1/23       EV: 12    Int: 26    God:    Vehumet [*.....]
Gold:   364        SH:  0    Dex: 13    Spells: 14/25 levels left

rFire    . . .     SeeInvis .   D - +2 hand axe (venom)
rCold    . . .     Gourm    .   (no shield)
rNeg     . . .     Faith    .   n - +0 leather armour
rPois    .         Spirit   .   y - +2 helmet
rElec    .         Reflect  .   (no cloak)
rCorr    .         Harm     .   s - +0 pair of gloves (curse)
MR       .....                  j - +1 pair of boots
Stlth    ++........             (no amulet)
HPRegen  0.14/turn              q - ring of attention (curse)
MPRegen  0.18/turn              w - ring of stealth

@: lethally poisoned (0 -> -3), flying, invisible
A: no striking features
a: Renounce Religion


You were on level 6 of the Dungeon.
You worshipped Vehumet.
Vehumet was aware of your devotion.
You were near starving.

You visited 2 branches of the dungeon, and saw 7 of its levels.
You also visited: Sewer.

You collected 364 gold pieces.

Inventory:

Hand Weapons
 z - a +0 shortbow
 D - a +2 hand axe of venom (weapon)
Missiles
 A - 59 arrows
Armour
 j - a +1 pair of boots (worn)
 n - a +0 leather armour (worn)
 s - a cursed +0 pair of gloves (worn)
 y - a +2 helmet (worn)
Magical Staves
 v - an uncursed staff of cold
Jewellery
 g - an uncursed amulet of guardian spirit
 q - a cursed ring of attention (left hand)
 w - a ring of stealth (right hand)
Wands
 b - a wand of random effects (11)
Scrolls
 a - 3 scrolls of amnesia {unknown}
 h - 4 scrolls of magic mapping {unknown}
 i - 7 scrolls of identify {unknown}
 k - 5 scrolls of teleportation {unknown}
 l - a scroll of enchant weapon {unknown}
 o - a scroll of enchant armour {unknown}
 p - a scroll of blinking {unknown}
 t - a scroll of fog {unknown}
 x - 3 scrolls of remove curse {unknown}
 E - 3 scrolls of random uselessness {unknown}
Potions
 c - 4 potions of flight
 e - 3 potions of invisibility
 f - a potion of heal wounds {unknown}
 m - 2 potions of ambrosia {unknown}
 r - a potion of might {unknown}
 u - 2 potions of stabbing {unknown}
 B - a potion of lignification {unknown}
 C - a potion of degeneration {unknown}
 F - a potion of brilliance {unknown}
Comestibles
 d - 13 rations


   Skills:
 - Level 2.0 Fighting
 + Level 2.5 Armour
 - Level 3.0 Dodging
 - Level 3.0 Stealth
 * Level 9.4 Spellcasting
 + Level 4.9 Conjurations
 - Level 1.1 Summonings
 - Level 1.1 Translocations
 + Level 3.8 Fire Magic
 - Level 1.0 Air Magic
 - Level 1.0 Poison Magic
 - Level 2.1 Evocations


You had 14 spell levels left.
You knew the following spells:

 Your Spells              Type           Power        Failure   Level  Hunger
a - Magic Dart            Conj           ####         1%          1    None
b - Mephitic Cloud        Conj/Pois/Air  ###.....     10%         3    None
c - Call Imp              Summ           ###.....     9%          2    None
d - Blink                 Tloc           N/A          9%          2    None
e - Conjure Flame         Conj/Fire      #####...     4%          3    None

Your spell library contained the following spells:

 Spells                   Type           Power        Failure   Level  Hunger
 Foxfire                  Conj/Fire      ####         1%          1    None
 Animate Skeleton         Necr           N/A          9%          1    None
 Pain                     Necr           ##..         9%          1    None
 Slow                     Hex            ##......     13%         2    None
 Vampiric Draining        Necr           ##........   26%         3    None
 Animate Dead             Necr           N/A          63%         4    #......
 Agony                    Necr           ##......     93%         5    ####...


Dungeon Overview and Level Annotations

Branches:
Dungeon (6/15)             Temple (1/1) D:5           Sewer (visited)

Altars:
Cheibriados
Dithmenos
Elyvilon
Gozag
Hepliaklqana
Kikubaaqudgha
Makhleb
Ru
Sif Muna
Trog
Vehumet
Wu Jian
Xom
Yredelemnul
Zin
The Shining One

Shops:
D:5 *


Message History

Unknown command.
* * * LOW HITPOINT WARNING * * *
You feel sick. The killer bee closely misses you.
You see here a hound skeleton.
Unknown command.
You swap places.
The killer bee barely misses your white imp. x2
Your white imp completely misses the killer bee.
There is a stone staircase leading up here.
Unknown command.
It was a potion of flight.
You feel very buoyant.
You fly up into the air.
The killer bee barely misses your white imp.
The killer bee closely misses your white imp.
Your white imp gestures at the killer bee.
The puff of frost misses the killer bee.
It was a potion of invisibility.
You fade into invisibility!
You die...

#.# # #.# # #.# # #.# #
##.####### # #
##>........ ##. #
#########...##### ##...#
................# #.....
. ...###.#######@#
#..^... .# #.# #5#
.......
.#######.#######y##.##
###...#
.##..>##.#.....).....#
#####
.##.#.....a....######...
.. .##...#..#.#.#..))..#
## .Z...h.....#...####)#
..#..h#y####.### #.#
..##.##.# #.# #.# ###


You could see a killer bee and a friendly white imp (summoned).

Vanquished Creatures
  An orc warrior (D:6)
  An ice beast (D:6)
  A black bear (D:6)
  2 centaurs (D:5)
  2 scorpions (D:5)
  2 killer bees (D:6)
  2 howler monkeys (D:5)
  4 crimson imps
  A jelly (D:5)
  A centaur zombie (D:6)
  A hound (D:6)
  2 bullfrog skeletons (D:6)
  2 orc priests
  An iguana (D:6)
  An orc wizard (D:3)
  A worker ant (D:4)
  A hound skeleton (D:4)
  A howler monkey zombie (D:6)
  2 gnolls (D:6)
  12 adders
  A shadow imp (D:5)
  4 oozes (Sewer)
  An adder zombie (D:5)
  4 worms
  A dart slug (D:4)
  5 leopard geckos
  14 orcs
  17 bats
  4 giant cockroaches
  8 goblins
  5 hobgoblins
  9 jackals
  A quokka (D:5)
  4 ball pythons
  2 frilled lizards
  6 kobolds
  A leopard gecko zombie (D:5)
  11 rats
139 creatures vanquished.

Vanquished Creatures (collateral kills)
  2 adders (D:3)
  An orc (D:3)
  A quokka (D:3)
4 creatures vanquished.

Vanquished Creatures (others)
  2 fungi (D:5)
2 creatures vanquished.

Grand Total: 145 creatures vanquished

Notes
Turn   | Place    | Note
-------+----------+-------------------------------------------
     0 | D:1      | pokeman the Deep Elf Wizard began the quest for the Orb.
     0 | D:1      | Reached XP level 1. HP: 10/10 MP: 7/7
   288 | D:1      | Reached XP level 2. HP: 16/16 MP: 4/9
   770 | D:1      | Reached skill level 5 in Spellcasting
  1050 | D:2      | Reached XP level 3. HP: 18/20 MP: 2/11
  1055 | D:2      | Learned a level 3 spell: Mephitic Cloud
  1058 | D:2      | Learned a level 2 spell: Call Imp
  1061 | D:2      | Learned a level 2 spell: Blink
  1065 | D:2      | Learned a level 3 spell: Conjure Flame
  1253 | D:2      | Reached skill level 1 in Fighting
  1436 | D:2      | Reached skill level 1 in Armour
  1899 | D:2      | Reached XP level 4. HP: 24/25 MP: 6/13
  2400 | D:3      | Found a glowing drain.
  2433 | D:3      | Reached skill level 1 in Poison Magic
  2536 | Sewer    | Entered a sewer
  2547 | Sewer    | Reached skill level 6 in Spellcasting
  2547 | Sewer    | Reached XP level 5. HP: 19/29 MP: 4/15
  3442 | Sewer    | Reached skill level 1 in Air Magic
  4788 | D:4      | Reached XP level 6. HP: 23/34 MP: 8/17
  4809 | D:4      | Reached skill level 1 in Fire Magic
  5306 | D:4      | Found a shadowy altar of Dithmenos.
  5814 | D:5      | Entered Level 5 of the Dungeon
  5854 | D:5      | Reached skill level 7 in Spellcasting
  5965 | D:5      | Reached skill level 1 in Evocations
  6246 | D:5      | Reached XP level 7. HP: 27/39 MP: 6/19
  6343 | D:5      | Found a staircase to the Ecumenical Temple.
  6362 | Temple   | Entered the Ecumenical Temple
  6533 | Temple   | Became a worshipper of Vehumet
  6933 | D:5      | Found Zick's Lightly-Used Armoury.
  6944 | D:5      | Reached skill level 8 in Spellcasting
  7680 | D:6      | Reached XP level 8. HP: 44/44 MP: 14/22
  7977 | D:6      | Reached skill level 9 in Spellcasting
  7980 | D:6      | Reached * piety under Vehumet
  7980 | D:6      | Offered knowledge of Foxfire by Vehumet.
  8037 | D:6      | HP: 2/44 [killer bee (8)]
  8041 | D:6      | Succumbed to a killer bee's poison

Illustrated notes

Levels and vault maps discovered:
D:1:      minmay_arrival_radiant_lines, layout_rooms, nrook_mini_backslash,
          feat_on_display
D:2:      layout_loops_ring
D:3:      layout_loops_ring, gup_sewer_entry_glass
D:4:      layout_layer_cave, first_ration, minmay_misc_feat_pillars,
          grunt_dithmenos_smoke
D:5:      layout_basic, minmay_temple_entry_glassed_door, serial_aquarium,
          aquarium_bridge_square [aquarium_subvault_wall,
          aquarium_subvault_wall, aquarium_subvault_window,
          aquarium_subvault_bridge], aquarium_window_corridor_3,
          aquarium_window_2, aquarium_view_2c, aquarium_view_2f,
          aquarium_balcony_3a, minmay_shop_damaged, minmay_checkerbox
D:6:      layout_loops_ring, gammafunk_temple_overflow_wave, marbit_many_paths,
          uniq_grinder
Temple:   regret_index_temple_generic_petals

Skill      XL: |  1  2  3  4  5  6  7  8 |
---------------+-------------------------+-----
Spellcasting   | 5 6 7 8 9 |  9.4
Fighting       | 1 2 |  2.0
Armour         | 1 2 |  2.5
Conjurations   | 2 3 4 |  4.9
Dodging        | 3 |  3.0
Poison Magic   | 1 |  1.0
Air Magic      | 1 |  1.0
Stealth        | 3 |  3.0
Fire Magic     | 2 3 |  3.8
Evocations     | 1 2 |  2.1
Summonings     | |  1.1
Translocations | |  1.1

Action                   |  1- 3 |  4- 6 |  7- 9 || total
-------------------------+-------+-------+-------++-------
Melee: Unarmed           |    12 |    19 |       ||    31
       Staff             |       |    11 |       ||    11
       Hand axe          |       |       |    27 ||    27
 Cast: Magic Dart        |    95 |   156 |   104 ||   355
       Call Imp          |       |     6 |     6 ||    12
       Mephitic Cloud    |       |     9 |     9 ||    18
       Blink             |       |     5 |     1 ||     6
       Conjure Flame     |       |     4 |     6 ||    10
  Use: Potion            |       |       |     2 ||     2
 Stab: Confused          |       |     3 |     3 ||     6
  Eat: Chunk             |     3 |    13 |     4 ||    20
Armor: Robe              |     5 |       |       ||     5
       Leather armour    |    11 |    34 |    31 ||    76
Dodge: Dodged            |    30 |    74 |    45 ||   149
